 Dungeon Sprint DCSS version 0.30-a0-341-g682706514a (webtiles) character file.

Game seed: 2616871897044078858

2200000 p00ps00p the Warrior (level 15, 0/141 HPs)
             Began as a Demonspawn Reaver on Nov 4, 2022.
             Was an Elder of Makhleb.
             Slain by a destroyer
             ... wielding a +9 vorpal great sword
              (31 damage)
             ... in the Dungeon (Sprint VIII: "Arena of Blood").
             The game lasted 00:02:41 (22 turns).

p00ps00p the Warrior (Demonspawn Reaver)              Turns: 22, Time: 00:02:42

Health: 0/141      AC:  8    Str: 18    XL:     15   Next: 8%
Magic:  18/18      EV: 19    Int: 16    God:    Makhleb [****..]
Gold:   0          SH:  0    Dex: 12    Spells: 17/18 levels left

rFire   . . .      SeeInvis .    h - +∞ Axe of Woe
rCold   . . .      Faith    .    (shield currently unavailable)
rNeg    . . .      Spirit   .    a - +0 leather armour
rPois   .          Reflect  .    (helmet restricted)
rElec   .          Harm     .    (no cloak)
rCorr   .          Rampage  .    (no gloves)
Will    ++...      NoTele   +    (no boots)
Stlth   +++++++...               (no amulet)
HPRegen 5.43/turn                (no ring)
MPRegen 0.16/turn                (no ring)

@: on berserk cooldown, slowed, very slow
A: antennae 1, icy blue scales 2, foul stench 2, powered by death 2, demonic
willpower
a: Renounce Religion, Minor Destruction, Lesser Servant of Makhleb, Major
Destruction


You were in the Dungeon.
You worshipped Makhleb.
Makhleb was greatly pleased with you.
You visited 1 branch

Inventory:

Hand Weapons
 h - the +∞ Axe of Woe (weapon)
   (You found it in the Dungeon)
Armour
 a - a +0 leather armour (worn)
Scrolls
 g - a scroll of blinking
Potions
 b - a potion of curing
 c - a potion of heal wounds
 d - a potion of haste
 e - 2 potions of magic


   Skills:
 + Level 20.2 Fighting
 + Level 18.6 Armour
 + Level 18.7 Dodging
 + Level 20.1 Stealth
 + Level 18.8 Unarmed Combat
 - Level 2.0 Spellcasting
 - Level 3.0 Conjurations


You had 17 spell levels left.
You knew the following spells:

 Your Spells              Type           Power      Damage    Failure   Level
a - Kiss of Death         Conj/Necr      24%        2d7       12%         1

Your spell library contained the following spells:

 Spells                   Type           Power      Damage    Failure   Level
 Momentum Strike          Conj/Tloc      12%        3d8       19%         2
 Hailstorm                Conj/Ice       6%         3d4       36%         3


Dungeon Overview and Level Annotations

Branches:
Dungeon (1/1)

Altars:
Makhleb

Annotations:
D The Servant


Innate Abilities, Weirdness & Mutations

You have a pair of small antennae on your head.
You are mostly covered in icy blue scales. (AC +3)
You sometimes emit foul miasma when damaged in melee.
You regenerate health from kills.
You punish those that try to bend your will. (Will+)


Message History

The meat berserker barely misses you.
You hear a shout! x2
The bag of meat is engulfed in dark miasma.
The bag of meat is poisoned.
The bag of meat seems to slow down.
The destroyer casts a spell at you.
The destroyer blinks!
The bag of meat hits you but does no damage.
You hear a shout!
The bag of meat completely misses you.
You hear a shout!
The bag of meat moves out of view.
You hear a shout!
The bag of meat shouts!
You hear a shout!
You slice the meat berserker!!
You fatally mangle the meat berserker.
You kill the meat berserker!
Makhleb accepts your kill.
You can now summon a lesser servant of Makhleb.
You feel better.
You slash the bag of meat!
You cleave the bag of meat in twain.
You kill the bag of meat!
Makhleb accepts your kill.
You feel better.
You slash the bag of meat!
You fatally mangle the bag of meat.
You kill the bag of meat!
Makhleb accepts your kill.
You slash the destroyer! You chop the destroyer into pieces.
You destroy the destroyer!
Makhleb accepts your kill.
You can now hurl Makhleb's greater destruction.
The Servant appears out of thin air!
The Servant comes into view.
He is wielding a +9 glaive of flaming.
The Servant shouts!
You hear a shout! x2
The bag of meat is no longer moving slowly.
You hear a shout! x2
A meat berserker comes into view. It is wielding a +9 battleaxe.
You hear a shout! x12
A meat berserker comes into view. It is wielding a +9 battleaxe.
You hear a shout! x5
The destroyer hits you with a +9 vorpal great sword!!!!
Ouch! That really hurt!
* * * LOW HITPOINT WARNING * * *
You die...

..... .. #... .#
. #... ..#
..###o.. ..###.
.....O###......
....._......
#o○..O# #V)<§_#
#@o...#
#......))_......
.......O###......
...###.o. ..###.
.o #... ..# #....
.# ..@.. ..
......


You could see The Servant, a destroyer, 3 meat berserkers and 5 bags of meat.

Vanquished Creatures
  A vampire knight (D)
  5 ogres (D)
  5 orcs (D)
11 creatures vanquished.

Notes
Turn   | Place    | Note
-------+----------+-------------------------------------------
     0 | D        | Found the +∞ Axe of Woe
     0 | D        | p00ps00p the Demonspawn Reaver began the quest for the Orb.
     0 | D        | Reached XP level 1. HP: 16/16 MP: 3/3
     4 | D        | Noticed a bag of meat
     4 | D        | Became a worshipper of Makhleb the Destroyer
     9 | D        | Noticed a meat berserker
    10 | D        | Killed a bag of meat
    10 | D        | Noticed a meat berserker
    10 | D        | Noticed a bag of meat
    11 | D        | Reached skill level 10 in Armour
    11 | D        | Gained mutation: You are partially covered in icy blue
                  | scales. (AC +2) [demonic ancestry]
    11 | D        | Reached XP level 2. HP: 38/38 MP: 5/5
    11 | D        | Gained mutation: You may rarely emit foul miasma when
                  | damaged in melee. [demonic ancestry]
    11 | D        | Reached XP level 3. HP: 44/44 MP: 6/6
    11 | D        | Gained mutation: You regenerate a little health from kills.
                  | [demonic ancestry]
    11 | D        | Reached XP level 4. HP: 51/51 MP: 7/7
    11 | D        | Gained mutation: You sometimes emit foul miasma when
                  | damaged in melee. [demonic ancestry]
    11 | D        | Reached XP level 5. HP: 57/57 MP: 8/8
    11 | D        | Gained mutation: You have a pair of small antennae on your
                  | head. [demonic ancestry]
    11 | D        | Reached XP level 6. HP: 64/64 MP: 9/9
    11 | D        | Gained mutation: You regenerate health from kills. [demonic
                  | ancestry]
    11 | D        | Reached XP level 7. HP: 70/70 MP: 10/10
    11 | D        | Reached XP level 8. HP: 76/76 MP: 11/11
    11 | D        | Gained mutation: You are mostly covered in icy blue scales.
                  | (AC +3) [demonic ancestry]
    11 | D        | Reached XP level 9. HP: 82/82 MP: 12/12
    11 | D        | Reached XP level 10. HP: 89/89 MP: 13/13
    11 | D        | Killed a meat berserker
    11 | D        | Reached * piety under Makhleb
    12 | D        | Reached skill level 15 in Fighting
    12 | D        | Gained mutation: You punish those that try to bend your
                  | will. (Will+) [demonic ancestry]
    12 | D        | Reached XP level 11. HP: 102/102 MP: 14/14
    12 | D        | Reached XP level 12. HP: 109/109 MP: 15/15
    13 | D        | Noticed a meat berserker
    13 | D        | Noticed a meat berserker
    14 | D        | Killed a bag of meat
    15 | D        | Reached skill level 15 in Stealth
    15 | D        | Reached XP level 13. HP: 117/117 MP: 16/16
    15 | D        | Killed a meat berserker
    15 | D        | Noticed a bag of meat
    17 | D        | Killed a meat berserker
    17 | D        | Reached ** piety under Makhleb
    17 | D        | Noticed a bag of meat
    18 | D        | Reached XP level 14. HP: 131/131 MP: 17/17
    18 | D        | Killed a meat berserker
    18 | D        | Noticed a bag of meat
    18 | D        | Noticed a bag of meat
    19 | D        | Noticed a meat berserker
    20 | D        | Killed a bag of meat
    20 | D        | Noticed a bag of meat
    20 | D        | Noticed a bag of meat
    20 | D        | Noticed a destroyer
    21 | D        | Reached XP level 15. HP: 128/141 MP: 18/18
    21 | D        | Noticed a destroyer
    21 | D        | Noticed a meat berserker
    22 | D        | Killed a meat berserker
    22 | D        | Reached *** piety under Makhleb
    22 | D        | Killed a destroyer
    22 | D        | Reached **** piety under Makhleb
    22 | D        | Noticed The Servant
    22 | D        | Noticed a meat berserker
    22 | D        | Noticed a meat berserker
    22 | D        | Slain by a destroyer

Illustrated notes

Levels and vault maps discovered:
D:        meatsprint

Skill      XL: |  1  2  3  4  5  6  7  8  9 10 11 12 13 14 |
---------------+-------------------------------------------+-----
Fighting       | 12 15 18 20 | 20.2
Armour         | 10 13 14 17 18 | 18.6
Dodging        | 11 13 14 17 18 | 18.7
Stealth        | 11 14 15 18 20 | 20.1
Unarmed Combat | 11 14 17 18 | 18.8
Spellcasting   | |  2.0
Conjurations   | |  3.0

Action                   |  1- 3 |  4- 6 |  7- 9 | 10-12 | 13-15 || total
-------------------------+-------+-------+-------+-------+-------++-------
Melee: Executioner's axe |     1 |       |       |     2 |     5 ||     8
  Use: Potion            |     1 |       |       |       |       ||     1
Armor: Leather armour    |       |       |       |       |     1 ||     1
Dodge: Dodged            |       |       |       |       |     2 ||     2

Table legend: (Time is in decaauts)
 A = Elapsed time spent in this place.
 B = Non-inter-level travel time spent in this place.
 C = Inter-level travel time spent in this place.
 D = Time resting spent in this place.
 E = Time spent auto-exploring this place.
 F = Levels seen in this place.
 G = Mean time per level.
                   A        B        C        D        E       F      G
               +--------+--------+--------+--------+--------+-----+--------+
         Total |     26 |     26 |      0 |      0 |      0 |   1 |   26.0 |
       Dungeon |     26 |     26 |      0 |      0 |      0 |   1 |   26.0 |
               +--------+--------+--------+--------+--------+-----+--------+

Top non-repeatable levels by time:
       D: 26 daAuts
